[ PARTIDA AOE2 · #460460957 ]
UnrankedBohemios vs Khmer
Equipo del jugador · DERR
[ ANÁLISIS DE REPETICIÓN · EXTRAÍDO DE LA PARTIDA GRABADA ]
Feudal
11:19
Castillos
16:19
Imperial
—
| APM promedio | 40.4 |
| APM pico | 90 |
| eAPM promedio | 21.5 |
| Aldeanos / militares | 123 / 72 |
Foco
⚔️ 26.9% · 🌾 73.1%
Spearman ×72
Feudal
11:55
Castillos
16:16
Imperial
21:21
| APM promedio | 40.0 |
| APM pico | 87 |
| eAPM promedio | 25.5 |
| Aldeanos / militares | 64 / 62 |
Foco
⚔️ 34.8% · 🌾 65.2%
Hand Cannoneer ×51 · Bombard Cannon ×9 · Monk ×2
Feudal
11:25
Castillos
14:20
Imperial
29:24
| APM promedio | 23.5 |
| APM pico | 45 |
| eAPM promedio | 19.0 |
| Aldeanos / militares | 169 / 82 |
Foco
⚔️ 20.1% · 🌾 79.9%
Battle Elephant ×46 · Scout Cavalry ×28 · Scorpion ×5 · Monk ×3
Feudal
9:56
Castillos
—
Imperial
—
| APM promedio | 52.5 |
| APM pico | 91 |
| eAPM promedio | 23.7 |
| Aldeanos / militares | 78 / 142 |
Foco
⚔️ 39.4% · 🌾 60.6%
Scout Cavalry ×142
Feudal
9:59
Castillos
29:12
Imperial
—
| APM promedio | 36.0 |
| APM pico | 99 |
| eAPM promedio | 23.4 |
| Aldeanos / militares | 126 / 15 |
Foco
⚔️ 33.7% · 🌾 66.3%
Spearman ×15
Feudal
12:18
Castillos
16:36
Imperial
—
| APM promedio | 22.9 |
| APM pico | 62 |
| eAPM promedio | 13.4 |
| Aldeanos / militares | 102 / 55 |
Foco
⚔️ 23.0% · 🌾 77.0%
Knight ×55
Feudal
13:59
Castillos
20:51
Imperial
—
| APM promedio | 34.3 |
| APM pico | 71 |
| eAPM promedio | 16.7 |
| Aldeanos / militares | 47 / 19 |
Foco
⚔️ 32.9% · 🌾 67.1%
Monk ×12 · Armored Elephant ×7
Feudal
14:09
Castillos
17:47
Imperial
—
| APM promedio | 29.0 |
| APM pico | 84 |
| eAPM promedio | 18.5 |
| Aldeanos / militares | 69 / 0 |
Foco
⚔️ 28.2% · 🌾 71.8%
Mapa de la partida
Recursos iniciales + cada clic de construcción. Líneas = muros · curvas = relieve. ◆ oro · ⬟ piedra · ● bayas · ✦ reliquia · ◌ hueco del cierre
Tu base· ✓ Cerrada en 16:19 · 1t muro · frágil
Base de Çıkmaz Sokak· ✓ Cerrada en 16:16 · 27t muro · frágil
Base de Eru_iluvatar· ✓ Cerrada en 14:20 · 0t muro · frágil
Base de BF_XIN· ✓ Cerrada en 30:38 · 2t muro · sin puerta
Base de gardensalad· ✓ Cerrada en 29:12 · 32t muro · 2 puerta(s)
Base de DIV_Luminos· ✓ Cerrada en 16:36 · 27t muro · frágil
Base de [LFH] TheGooseTransporter· ✓ Cerrada en 20:51 · 72t muro · 6 puerta(s)
Base de Fliewa· ✓ Cerrada en 17:47 · 17t muro · sin puerta
Terreno inicial suavizado · ◌ = hueco del cierre detectado · pasá el cursor para detalles
Inputs por minuto
— Brickman - - Çıkmaz Sokak
Build order — Brickman
Primeras 150 de 342 acciones detectadas
| 0:01 | Crear | Villager (Male) |
| 0:01 | Crear | Villager (Male) |
| 0:02 | Crear | Villager (Male) |
| 0:04 | Construir | House |
| 0:05 | Construir | House |
| 0:17 | Crear | Villager (Male) |
| 0:17 | Crear | Villager (Male) |
| 1:23 | Crear | Villager (Male) |
| 1:23 | Crear | Villager (Male) |
| 1:48 | Construir | Lumber Camp |
| 2:01 | Crear | Villager (Male) |
| 2:01 | Crear | Villager (Male) |
| 2:39 | Crear | Villager (Male) |
| 2:39 | Crear | Villager (Male) |
| 2:55 | Crear | Villager (Male) |
| 2:55 | Crear | Villager (Male) |
| 3:17 | Crear | Villager (Male) |
| 3:39 | Crear | Villager (Male) |
| 3:39 | Crear | Villager (Male) |
| 3:58 | Construir | House |
| 4:07 | Crear | Villager (Male) |
| 4:08 | Crear | Villager (Male) |
| 4:33 | Construir | House |
| 4:39 | Crear | Villager (Male) |
| 5:08 | Construir | Mill |
| 5:11 | Crear | Villager (Male) |
| 5:11 | Crear | Villager (Male) |
| 5:29 | Crear | Villager (Male) |
| 5:56 | Crear | Villager (Male) |
| 5:57 | Crear | Villager (Male) |
| 6:01 | Crear | Villager (Male) |
| 6:13 | Construir | House |
| 6:21 | Crear | Villager (Male) |
| 6:21 | Crear | Villager (Male) |
| 6:42 | Construir | Farm |
| 6:51 | Crear | Villager (Male) |
| 6:52 | Crear | Villager (Male) |
| 6:52 | Crear | Villager (Male) |
| 6:54 | Construir | Farm |
| 8:18 | Crear | Villager (Male) |
| 8:18 | Crear | Villager (Male) |
| 8:18 | Crear | Villager (Male) |
| 9:09 | Investigar | Feudal Age |
| 9:32 | Construir | Mining Camp |
| 9:36 | Construir | Mill |
| 10:06 | Crear | Villager (Male) |
| 10:06 | Crear | Villager (Male) |
| 11:19 | Edad | Edad Feudal |
| 11:23 | Construir | Market |
| 11:27 | Construir | Blacksmith |
| 12:44 | Construir | Barracks |
| 13:04 | Construir | Lumber Camp |
| 13:27 | Construir | Palisade Wall |
| 13:39 | Investigar | Castle Age |
| 13:39 | Investigar | Castle Age |
| 13:58 | Investigar | Double-Bit Axe |
| 13:58 | Investigar | Double-Bit Axe |
| 14:00 | Investigar | Horse Collar |
| 14:01 | Investigar | Horse Collar |
| 14:31 | Construir | House |
| 15:21 | Construir | Lumber Camp |
| 15:33 | Crear | Villager (Male) |
| 16:19 | Edad | Edad de los Castillos |
| 16:24 | Construir | Town Center |
| 16:26 | Crear | Villager (Male) |
| 16:29 | Investigar | Bow Saw |
| 16:29 | Investigar | Bow Saw |
| 16:48 | Crear | Villager (Male) |
| 16:48 | Crear | Villager (Male) |
| 17:13 | Crear | Villager (Male) |
| 17:13 | Crear | Villager (Male) |
| 17:13 | Crear | Villager (Male) |
| 17:25 | Construir | Town Center |
| 17:39 | Construir | House |
| 17:40 | Construir | House |
| 17:40 | Construir | House |
| 17:40 | Construir | House |
| 17:40 | Construir | House |
| 17:47 | Construir | House |
| 17:48 | Construir | House |
| 18:12 | Crear | Villager (Male) |
| 18:12 | Crear | Villager (Male) |
| 18:16 | Construir | Farm |
| 18:26 | Crear | Villager (Male) |
| 18:26 | Crear | Villager (Male) |
| 18:27 | Construir | Farm |
| 18:44 | Construir | Farm |
| 18:47 | Crear | Villager (Male) |
| 18:47 | Crear | Villager (Male) |
| 18:52 | Construir | Farm |
| 18:53 | Construir | Farm |
| 18:57 | Construir | Farm |
| 19:04 | Crear | Spearman |
| 19:04 | Crear | Spearman |
| 19:21 | Investigar | Pikeman (upgrade) |
| 19:21 | Investigar | Pikeman (upgrade) |
| 19:24 | Construir | Farm |
| 19:29 | Construir | Farm |
| 19:33 | Construir | Farm |
| 19:43 | Construir | Farm |
| 19:44 | Construir | Farm |
| 19:46 | Crear | Spearman |
| 19:46 | Crear | Spearman |
| 19:52 | Construir | House |
| 19:52 | Construir | House |
| 19:58 | Construir | Farm |
| 20:01 | Construir | Farm |
| 20:04 | Construir | Farm |
| 20:05 | Construir | Farm |
| 20:06 | Crear | Villager (Male) |
| 20:06 | Crear | Villager (Male) |
| 20:08 | Crear | Spearman |
| 20:09 | Crear | Spearman |
| 20:15 | Construir | Farm |
| 20:16 | Construir | Farm |
| 20:20 | Construir | Farm |
| 20:21 | Crear | Villager (Male) |
| 20:21 | Crear | Villager (Male) |
| 20:27 | Crear | Villager (Male) |
| 20:27 | Crear | Villager (Male) |
| 20:28 | Crear | Villager (Male) |
| 20:38 | Crear | Villager (Male) |
| 20:39 | Crear | Villager (Male) |
| 20:48 | Construir | Farm |
| 20:49 | Construir | Farm |
| 20:50 | Construir | Farm |
| 20:51 | Crear | Villager (Male) |
| 20:51 | Crear | Villager (Male) |
| 20:51 | Crear | Villager (Male) |
| 20:54 | Construir | Farm |
| 21:00 | Construir | House |
| 21:01 | Construir | House |
| 21:04 | Construir | House |
| 21:04 | Construir | House |
| 21:05 | Construir | House |
| 21:05 | Construir | House |
| 21:07 | Crear | Villager (Male) |
| 21:08 | Crear | Villager (Male) |
| 21:10 | Crear | Spearman |
| 21:10 | Crear | Spearman |
| 21:16 | Construir | Farm |
| 21:21 | Crear | Spearman |
| 21:21 | Crear | Spearman |
| 21:22 | Crear | Spearman |
| 21:35 | Crear | Villager (Male) |
| 21:36 | Crear | Villager (Male) |
| 21:46 | Crear | Villager (Male) |
| 21:46 | Crear | Villager (Male) |
| 21:47 | Crear | Villager (Male) |
| 21:52 | Construir | Farm |
Build order — Çıkmaz Sokak
Primeras 150 de 226 acciones detectadas
| 0:02 | Construir | House |
| 0:02 | Crear | Villager (Male) |
| 0:10 | Investigar | Loom |
| 0:42 | Construir | Palisade Wall |
| 0:46 | Crear | Villager (Male) |
| 0:46 | Crear | Villager (Male) |
| 0:46 | Crear | Villager (Male) |
| 1:22 | Construir | Palisade Wall |
| 1:46 | Crear | Villager (Male) |
| 1:46 | Crear | Villager (Male) |
| 1:54 | Construir | Palisade Wall |
| 1:55 | Construir | Palisade Wall |
| 2:11 | Construir | House |
| 2:36 | Crear | Villager (Male) |
| 2:37 | Crear | Villager (Male) |
| 2:51 | Construir | Palisade Wall |
| 2:52 | Construir | Palisade Wall |
| 2:58 | Crear | Villager (Male) |
| 2:58 | Crear | Villager (Male) |
| 3:29 | Crear | Villager (Male) |
| 3:30 | Crear | Villager (Male) |
| 3:46 | Construir | Palisade Wall |
| 3:47 | Construir | Palisade Wall |
| 3:48 | Construir | Palisade Wall |
| 3:52 | Crear | Villager (Male) |
| 3:52 | Crear | Villager (Male) |
| 4:08 | Crear | Villager (Male) |
| 4:09 | Crear | Villager (Male) |
| 4:41 | Construir | House |
| 4:43 | Crear | Villager (Male) |
| 4:55 | Crear | Villager (Male) |
| 4:55 | Crear | Villager (Male) |
| 5:14 | Crear | Villager (Male) |
| 5:14 | Crear | Villager (Male) |
| 5:26 | Crear | Villager (Male) |
| 5:26 | Crear | Villager (Male) |
| 5:39 | Crear | Villager (Male) |
| 5:39 | Crear | Villager (Male) |
| 6:12 | Crear | Villager (Male) |
| 6:38 | Construir | House |
| 6:51 | Crear | Villager (Male) |
| 7:07 | Construir | Lumber Camp |
| 7:08 | Crear | Villager (Male) |
| 7:37 | Crear | Villager (Male) |
| 8:07 | Crear | Villager (Male) |
| 8:08 | Crear | Villager (Male) |
| 8:12 | Construir | House |
| 8:31 | Construir | Mill |
| 8:46 | Crear | Villager (Male) |
| 8:48 | Construir | House |
| 9:34 | Investigar | Feudal Age |
| 9:34 | Investigar | Feudal Age |
| 10:04 | Crear | Villager (Male) |
| 10:25 | Crear | Villager (Male) |
| 11:09 | Construir | Mining Camp |
| 11:12 | Crear | Villager (Male) |
| 11:55 | Edad | Edad Feudal |
| 12:04 | Crear | Villager (Male) |
| 12:06 | Construir | Blacksmith |
| 12:09 | Construir | House |
| 12:10 | Construir | House |
| 12:25 | Construir | Market |
| 13:36 | Investigar | Castle Age |
| 13:36 | Investigar | Castle Age |
| 13:45 | Construir | Farm |
| 13:47 | Construir | Farm |
| 13:48 | Construir | Farm |
| 13:51 | Crear | Villager (Male) |
| 14:19 | Construir | Farm |
| 14:19 | Construir | Farm |
| 14:32 | Construir | Farm |
| 16:16 | Edad | Edad de los Castillos |
| 16:22 | Crear | Villager (Male) |
| 16:26 | Construir | Monastery |
| 16:38 | Construir | Siege Workshop |
| 16:41 | Crear | Villager (Male) |
| 17:07 | Construir | Farm |
| 17:41 | Construir | Mining Camp |
| 17:46 | Crear | Villager (Male) |
| 18:10 | Investigar | Imperial Age |
| 18:10 | Investigar | Imperial Age |
| 18:14 | Crear | Monk |
| 18:15 | Crear | Monk |
| 18:36 | Investigar | Double-Bit Axe |
| 18:36 | Investigar | Double-Bit Axe |
| 19:05 | Investigar | Horse Collar |
| 19:17 | Crear | Villager (Male) |
| 19:18 | Construir | Farm |
| 19:19 | Crear | Villager (Male) |
| 19:22 | Construir | Farm |
| 19:52 | Construir | Barracks |
| 20:06 | Investigar | Gold Mining |
| 20:51 | Construir | Archery Range |
| 21:07 | Construir | House |
| 21:08 | Construir | House |
| 21:17 | Investigar | Bow Saw |
| 21:20 | Construir | Farm |
| 21:21 | Edad | Edad Imperial |
| 21:24 | Crear | Bombard Cannon |
| 21:24 | Crear | Bombard Cannon |
| 21:49 | Crear | Villager (Male) |
| 21:49 | Crear | Villager (Male) |
| 21:51 | Construir | Farm |
| 21:55 | Crear | Hand Cannoneer |
| 22:20 | Crear | Bombard Cannon |
| 22:21 | Crear | Bombard Cannon |
| 22:21 | Crear | Bombard Cannon |
| 22:23 | Crear | Villager (Male) |
| 22:23 | Crear | Villager (Male) |
| 22:23 | Crear | Villager (Male) |
| 22:34 | Crear | Hand Cannoneer |
| 22:34 | Crear | Hand Cannoneer |
| 22:41 | Construir | Archery Range |
| 22:46 | Crear | Hand Cannoneer |
| 22:47 | Crear | Hand Cannoneer |
| 23:02 | Crear | Hand Cannoneer |
| 23:15 | Crear | Hand Cannoneer |
| 23:15 | Crear | Hand Cannoneer |
| 23:17 | Construir | Farm |
| 23:20 | Construir | Farm |
| 23:20 | Crear | Villager (Male) |
| 23:22 | Construir | Farm |
| 23:22 | Construir | Farm |
| 23:32 | Crear | Hand Cannoneer |
| 23:32 | Crear | Hand Cannoneer |
| 23:38 | Crear | Hand Cannoneer |
| 23:40 | Crear | Villager (Male) |
| 23:49 | Crear | Hand Cannoneer |
| 23:53 | Investigar | Padded Archer Armor |
| 23:59 | Crear | Villager (Male) |
| 24:04 | Construir | Lumber Camp |
| 24:16 | Construir | House |
| 24:18 | Construir | House |
| 24:20 | Construir | House |
| 24:27 | Crear | Hand Cannoneer |
| 24:27 | Crear | Hand Cannoneer |
| 24:28 | Crear | Villager (Male) |
| 24:31 | Construir | Farm |
| 24:32 | Construir | Farm |
| 24:33 | Crear | Villager (Male) |
| 25:00 | Crear | Bombard Cannon |
| 25:00 | Crear | Hand Cannoneer |
| 25:01 | Crear | Hand Cannoneer |
| 25:01 | Crear | Hand Cannoneer |
| 25:05 | Construir | Farm |
| 25:08 | Construir | House |
| 25:10 | Construir | House |
| 25:13 | Crear | Villager (Male) |
| 25:13 | Crear | Villager (Male) |
| 25:34 | Crear | Hand Cannoneer |
Build order — Eru_iluvatar
Primeras 150 de 366 acciones detectadas
| 0:02 | Crear | Villager (Male) |
| 0:02 | Crear | Villager (Male) |
| 0:02 | Crear | Villager (Male) |
| 0:04 | Construir | House |
| 0:05 | Construir | House |
| 0:29 | Crear | Villager (Male) |
| 0:29 | Crear | Villager (Male) |
| 1:23 | Crear | Villager (Male) |
| 1:24 | Crear | Villager (Male) |
| 1:49 | Construir | Lumber Camp |
| 2:04 | Crear | Villager (Male) |
| 2:04 | Crear | Villager (Male) |
| 2:08 | Crear | Villager (Male) |
| 2:08 | Crear | Villager (Male) |
| 2:51 | Crear | Villager (Male) |
| 3:12 | Crear | Villager (Male) |
| 3:12 | Crear | Villager (Male) |
| 3:25 | Investigar | Loom |
| 3:36 | Crear | Villager (Male) |
| 3:36 | Crear | Villager (Male) |
| 3:52 | Construir | House |
| 3:52 | Construir | House |
| 4:00 | Crear | Villager (Male) |
| 4:01 | Crear | Villager (Male) |
| 4:17 | Construir | Mill |
| 4:38 | Crear | Villager (Male) |
| 4:38 | Crear | Villager (Male) |
| 4:55 | Crear | Villager (Male) |
| 4:55 | Crear | Villager (Male) |
| 5:23 | Crear | Villager (Male) |
| 5:23 | Crear | Villager (Male) |
| 5:39 | Crear | Villager (Male) |
| 5:39 | Crear | Villager (Male) |
| 5:47 | Investigar | Loom |
| 5:49 | Construir | House |
| 5:59 | Crear | Villager (Male) |
| 5:59 | Crear | Villager (Male) |
| 6:33 | Crear | Villager (Male) |
| 6:34 | Crear | Villager (Male) |
| 6:52 | Construir | House |
| 7:01 | Crear | Villager (Male) |
| 7:02 | Crear | Villager (Male) |
| 7:05 | Construir | House |
| 7:13 | Crear | Villager (Male) |
| 7:13 | Crear | Villager (Male) |
| 7:13 | Crear | Villager (Male) |
| 8:07 | Construir | Mining Camp |
| 8:50 | Crear | Villager (Male) |
| 8:54 | Investigar | Feudal Age |
| 9:19 | Construir | Farm |
| 9:25 | Construir | Farm |
| 9:32 | Construir | Farm |
| 11:25 | Edad | Edad Feudal |
| 11:40 | Investigar | Castle Age |
| 11:40 | Investigar | Castle Age |
| 11:43 | Investigar | Double-Bit Axe |
| 11:43 | Investigar | Double-Bit Axe |
| 12:08 | Investigar | Horse Collar |
| 12:08 | Investigar | Horse Collar |
| 12:51 | Construir | House |
| 12:51 | Construir | House |
| 12:54 | Construir | House |
| 13:01 | Construir | House |
| 13:53 | Crear | Villager (Male) |
| 13:54 | Crear | Villager (Male) |
| 14:20 | Edad | Edad de los Castillos |
| 14:21 | Construir | Town Center |
| 14:27 | Construir | Town Center |
| 14:32 | Investigar | Bow Saw |
| 15:06 | Investigar | Heavy Plow |
| 15:06 | Investigar | Heavy Plow |
| 15:09 | Crear | Villager (Male) |
| 15:09 | Crear | Villager (Male) |
| 15:14 | Crear | Villager (Male) |
| 15:14 | Crear | Villager (Male) |
| 15:29 | Construir | Farm |
| 15:39 | Crear | Villager (Male) |
| 15:40 | Crear | Villager (Male) |
| 15:43 | Construir | Farm |
| 15:48 | Construir | Farm |
| 15:55 | Construir | Farm |
| 16:06 | Construir | Farm |
| 16:15 | Crear | Villager (Male) |
| 16:15 | Crear | Villager (Male) |
| 16:16 | Construir | Farm |
| 16:19 | Construir | Farm |
| 16:24 | Construir | Farm |
| 16:34 | Construir | Farm |
| 16:35 | Crear | Villager (Male) |
| 16:35 | Crear | Villager (Male) |
| 16:38 | Construir | Farm |
| 16:47 | Construir | Farm |
| 16:49 | Crear | Villager (Male) |
| 16:49 | Crear | Villager (Male) |
| 16:55 | Construir | Farm |
| 17:00 | Crear | Villager (Male) |
| 17:00 | Crear | Villager (Male) |
| 17:03 | Construir | Farm |
| 17:09 | Construir | Farm |
| 17:10 | Crear | Villager (Male) |
| 17:10 | Crear | Villager (Male) |
| 17:17 | Construir | Farm |
| 17:20 | Crear | Villager (Male) |
| 17:23 | Construir | Farm |
| 17:29 | Crear | Villager (Male) |
| 17:32 | Construir | Farm |
| 17:37 | Construir | Farm |
| 17:38 | Crear | Villager (Male) |
| 17:38 | Crear | Villager (Male) |
| 17:46 | Construir | Farm |
| 17:46 | Crear | Villager (Male) |
| 17:46 | Crear | Villager (Male) |
| 17:50 | Construir | Farm |
| 17:53 | Crear | Villager (Male) |
| 18:20 | Crear | Villager (Male) |
| 18:20 | Crear | Villager (Male) |
| 18:21 | Crear | Villager (Male) |
| 18:21 | Crear | Villager (Male) |
| 18:21 | Crear | Villager (Male) |
| 18:23 | Construir | House |
| 18:29 | Construir | Monastery |
| 18:36 | Crear | Villager (Male) |
| 18:36 | Crear | Villager (Male) |
| 18:36 | Crear | Villager (Male) |
| 18:39 | Crear | Villager (Male) |
| 18:40 | Crear | Villager (Male) |
| 18:45 | Construir | Farm |
| 18:46 | Crear | Villager (Male) |
| 18:46 | Crear | Villager (Male) |
| 18:49 | Construir | Mining Camp |
| 18:52 | Crear | Villager (Male) |
| 18:53 | Crear | Villager (Male) |
| 18:55 | Construir | Farm |
| 18:58 | Construir | Farm |
| 18:58 | Crear | Villager (Male) |
| 18:58 | Crear | Villager (Male) |
| 19:01 | Construir | Farm |
| 19:09 | Crear | Villager (Male) |
| 19:09 | Crear | Villager (Male) |
| 19:16 | Construir | House |
| 19:16 | Construir | House |
| 19:17 | Construir | House |
| 19:17 | Construir | House |
| 19:19 | Crear | Villager (Male) |
| 19:19 | Crear | Villager (Male) |
| 19:22 | Crear | Villager (Male) |
| 19:22 | Crear | Villager (Male) |
| 19:29 | Crear | Villager (Male) |
| 19:30 | Crear | Villager (Male) |
| 19:30 | Crear | Villager (Male) |
Build order — BF_XIN
Primeras 150 de 296 acciones detectadas
| 0:02 | Crear | Villager (Male) |
| 0:02 | Crear | Villager (Male) |
| 0:02 | Crear | Villager (Male) |
| 0:04 | Construir | House |
| 0:05 | Construir | House |
| 0:11 | Crear | Villager (Male) |
| 0:11 | Crear | Villager (Male) |
| 1:29 | Crear | Villager (Male) |
| 1:59 | Crear | Villager (Male) |
| 2:40 | Crear | Villager (Male) |
| 2:41 | Crear | Villager (Male) |
| 2:41 | Crear | Villager (Male) |
| 2:41 | Crear | Villager (Male) |
| 2:54 | Construir | Lumber Camp |
| 3:29 | Crear | Villager (Male) |
| 3:30 | Crear | Villager (Male) |
| 4:00 | Construir | House |
| 4:02 | Crear | Villager (Male) |
| 4:11 | Crear | Villager (Male) |
| 4:11 | Crear | Villager (Male) |
| 4:13 | Crear | Villager (Male) |
| 4:14 | Crear | Villager (Male) |
| 5:03 | Crear | Villager (Male) |
| 5:07 | Construir | House |
| 5:11 | Construir | House |
| 5:13 | Construir | Palisade Wall |
| 5:19 | Construir | Palisade Wall |
| 5:26 | Crear | Villager (Male) |
| 5:26 | Crear | Villager (Male) |
| 5:26 | Crear | Villager (Male) |
| 5:26 | Crear | Villager (Male) |
| 5:55 | Construir | Mill |
| 6:15 | Crear | Villager (Male) |
| 6:15 | Crear | Villager (Male) |
| 6:15 | Crear | Villager (Male) |
| 6:16 | Crear | Villager (Male) |
| 7:21 | Investigar | Loom |
| 7:40 | Investigar | Feudal Age |
| 7:40 | Investigar | Feudal Age |
| 7:40 | Investigar | Feudal Age |
| 7:40 | Investigar | Feudal Age |
| 7:40 | Investigar | Feudal Age |
| 8:33 | Construir | House |
| 9:02 | Construir | Barracks |
| 9:56 | Edad | Edad Feudal |
| 10:02 | Construir | Stable |
| 10:06 | Crear | Villager (Male) |
| 10:07 | Investigar | Double-Bit Axe |
| 10:07 | Investigar | Double-Bit Axe |
| 10:07 | Investigar | Double-Bit Axe |
| 10:23 | Crear | Villager (Male) |
| 10:36 | Crear | Villager (Male) |
| 10:46 | Crear | Scout Cavalry |
| 10:46 | Crear | Scout Cavalry |
| 10:46 | Crear | Scout Cavalry |
| 10:50 | Construir | House |
| 11:04 | Crear | Scout Cavalry |
| 11:04 | Crear | Scout Cavalry |
| 11:10 | Investigar | Tech 1014 |
| 11:10 | Investigar | Tech 1014 |
| 11:10 | Investigar | Tech 1014 |
| 11:10 | Investigar | Tech 1014 |
| 11:24 | Construir | Pasture |
| 11:42 | Crear | Villager (Male) |
| 11:45 | Construir | Pasture |
| 12:11 | Crear | Villager (Male) |
| 12:15 | Construir | House |
| 12:24 | Construir | Pasture |
| 12:40 | Crear | Scout Cavalry |
| 12:40 | Crear | Scout Cavalry |
| 12:40 | Crear | Scout Cavalry |
| 12:57 | Crear | Scout Cavalry |
| 12:57 | Crear | Scout Cavalry |
| 12:57 | Crear | Scout Cavalry |
| 13:20 | Crear | Scout Cavalry |
| 13:20 | Crear | Scout Cavalry |
| 13:39 | Crear | Villager (Male) |
| 13:41 | Construir | Pasture |
| 14:10 | Crear | Scout Cavalry |
| 14:10 | Crear | Scout Cavalry |
| 14:17 | Construir | Pasture |
| 14:21 | Crear | Villager (Male) |
| 14:22 | Crear | Villager (Male) |
| 14:25 | Construir | Blacksmith |
| 14:41 | Crear | Scout Cavalry |
| 14:41 | Crear | Scout Cavalry |
| 14:48 | Crear | Villager (Male) |
| 14:56 | Crear | Scout Cavalry |
| 14:56 | Crear | Scout Cavalry |
| 14:56 | Crear | Scout Cavalry |
| 14:56 | Crear | Scout Cavalry |
| 15:06 | Construir | Pasture |
| 15:09 | Crear | Scout Cavalry |
| 15:09 | Crear | Scout Cavalry |
| 15:09 | Crear | Scout Cavalry |
| 15:18 | Crear | Villager (Male) |
| 15:18 | Crear | Villager (Male) |
| 15:42 | Crear | Villager (Male) |
| 15:50 | Construir | Pasture |
| 16:03 | Investigar | Forging |
| 16:22 | Construir | Stable |
| 16:29 | Crear | Scout Cavalry |
| 16:31 | Crear | Villager (Male) |
| 16:33 | Construir | House |
| 16:42 | Construir | House |
| 16:48 | Investigar | Scale Barding Armor |
| 16:48 | Investigar | Scale Barding Armor |
| 16:50 | Crear | Villager (Male) |
| 16:53 | Construir | House |
| 17:06 | Crear | Scout Cavalry |
| 17:06 | Crear | Scout Cavalry |
| 17:07 | Crear | Scout Cavalry |
| 17:20 | Construir | Pasture |
| 17:25 | Crear | Villager (Male) |
| 17:28 | Crear | Scout Cavalry |
| 17:45 | Crear | Villager (Male) |
| 18:16 | Construir | Stable |
| 18:16 | Crear | Villager (Male) |
| 18:19 | Crear | Villager (Male) |
| 18:21 | Crear | Scout Cavalry |
| 18:21 | Crear | Scout Cavalry |
| 18:43 | Crear | Villager (Male) |
| 18:43 | Crear | Villager (Male) |
| 18:57 | Crear | Scout Cavalry |
| 18:58 | Crear | Scout Cavalry |
| 18:58 | Crear | Scout Cavalry |
| 19:00 | Construir | Pasture |
| 19:14 | Crear | Villager (Male) |
| 19:19 | Construir | Pasture |
| 19:28 | Crear | Scout Cavalry |
| 19:29 | Crear | Scout Cavalry |
| 19:29 | Crear | Scout Cavalry |
| 19:31 | Crear | Villager (Male) |
| 19:38 | Construir | House |
| 19:38 | Construir | House |
| 19:50 | Crear | Scout Cavalry |
| 19:50 | Crear | Scout Cavalry |
| 20:29 | Crear | Scout Cavalry |
| 20:29 | Crear | Scout Cavalry |
| 20:29 | Crear | Scout Cavalry |
| 20:30 | Crear | Scout Cavalry |
| 20:46 | Crear | Scout Cavalry |
| 20:46 | Crear | Scout Cavalry |
| 20:46 | Crear | Scout Cavalry |
| 20:46 | Crear | Scout Cavalry |
| 20:46 | Crear | Scout Cavalry |
| 20:50 | Construir | House |
| 21:02 | Construir | House |
| 21:07 | Construir | House |
| 21:13 | Construir | House |
Build order — gardensalad
Primeras 150 de 219 acciones detectadas
| 0:01 | Crear | Villager (Male) |
| 0:03 | Construir | House |
| 0:04 | Crear | Villager (Male) ×3 |
| 0:49 | Construir | Palisade Wall |
| 1:20 | Construir | House |
| 1:42 | Construir | House |
| 1:45 | Construir | House |
| 1:47 | Construir | House |
| 2:11 | Crear | Villager (Male) ×2 |
| 2:21 | Investigar | Loom |
| 2:22 | Crear | Villager (Male) |
| 2:22 | Crear | Villager (Male) |
| 3:13 | Crear | Villager (Male) |
| 3:34 | Construir | Settlement |
| 3:38 | Crear | Villager (Male) |
| 3:38 | Crear | Villager (Male) |
| 3:50 | Construir | Palisade Wall |
| 3:51 | Construir | Palisade Wall |
| 3:59 | Crear | Villager (Male) |
| 4:33 | Construir | Settlement |
| 4:44 | Crear | Villager (Male) |
| 4:44 | Crear | Villager (Male) |
| 4:44 | Crear | Villager (Male) |
| 5:28 | Crear | Villager (Male) |
| 5:28 | Crear | Villager (Male) |
| 5:53 | Crear | Villager (Male) ×3 |
| 6:04 | Crear | Villager (Male) |
| 6:05 | Crear | Villager (Male) |
| 6:22 | Crear | Villager (Male) |
| 6:39 | Crear | Villager (Male) |
| 7:49 | Investigar | Feudal Age |
| 8:27 | Crear | Villager (Male) |
| 8:37 | Crear | Villager (Male) |
| 8:38 | Crear | Villager (Male) |
| 9:06 | Construir | Settlement |
| 9:59 | Edad | Edad Feudal |
| 10:01 | Construir | Watch Tower |
| 10:14 | Crear | Villager (Male) |
| 10:14 | Crear | Villager (Male) |
| 10:15 | Crear | Villager (Male) |
| 11:00 | Crear | Villager (Male) |
| 11:00 | Crear | Villager (Male) |
| 11:05 | Crear | Villager (Male) |
| 11:06 | Crear | Villager (Male) |
| 11:06 | Crear | Villager (Male) |
| 11:10 | Construir | Farm |
| 11:12 | Construir | Farm |
| 12:07 | Construir | Watch Tower |
| 12:13 | Crear | Villager (Male) |
| 12:14 | Crear | Villager (Male) |
| 12:34 | Crear | Villager (Male) |
| 12:52 | Construir | Palisade Wall |
| 13:29 | Crear | Villager (Male) |
| 13:31 | Construir | Farm |
| 13:34 | Crear | Villager (Male) |
| 13:34 | Crear | Villager (Male) |
| 13:34 | Crear | Villager (Male) |
| 13:53 | Construir | Watch Tower |
| 14:08 | Construir | Farm |
| 14:22 | Crear | Villager (Male) |
| 14:32 | Crear | Villager (Male) |
| 14:40 | Construir | Stone Wall |
| 14:41 | Construir | Palisade Gate |
| 14:45 | Construir | Gate |
| 14:58 | Construir | Watch Tower |
| 15:05 | Crear | Villager (Male) |
| 15:05 | Crear | Villager (Male) |
| 15:08 | Construir | Farm |
| 15:33 | Crear | Villager (Male) |
| 15:34 | Construir | Farm |
| 16:02 | Crear | Villager (Male) |
| 16:12 | Crear | Villager (Male) |
| 16:39 | Crear | Villager (Male) |
| 16:58 | Construir | Watch Tower |
| 17:04 | Construir | Settlement |
| 17:14 | Crear | Villager (Male) |
| 17:20 | Crear | Villager (Male) |
| 17:38 | Construir | Stone Wall |
| 17:50 | Construir | Watch Tower |
| 18:07 | Crear | Villager (Male) |
| 18:07 | Crear | Villager (Male) |
| 18:07 | Crear | Villager (Male) |
| 18:08 | Construir | Farm |
| 18:26 | Crear | Villager (Male) |
| 18:26 | Crear | Villager (Male) |
| 18:29 | Construir | Farm |
| 18:31 | Crear | Villager (Male) |
| 18:32 | Crear | Villager (Male) |
| 18:52 | Construir | Farm |
| 18:53 | Construir | Farm |
| 19:27 | Crear | Villager (Male) |
| 19:27 | Crear | Villager (Male) |
| 19:27 | Crear | Villager (Male) |
| 19:27 | Crear | Villager (Male) |
| 19:30 | Construir | Farm |
| 19:33 | Construir | Farm |
| 19:48 | Crear | Villager (Male) |
| 19:49 | Crear | Villager (Male) |
| 19:56 | Investigar | Horse Collar |
| 20:00 | Investigar | Double-Bit Axe |
| 20:01 | Crear | Villager (Male) |
| 20:02 | Crear | Villager (Male) |
| 20:32 | Crear | Villager (Male) |
| 20:32 | Crear | Villager (Male) |
| 20:32 | Crear | Villager (Male) |
| 21:07 | Crear | Villager (Male) |
| 21:08 | Crear | Villager (Male) |
| 21:08 | Crear | Villager (Male) |
| 21:12 | Construir | Farm |
| 21:14 | Construir | Farm |
| 21:27 | Construir | Watch Tower |
| 21:48 | Crear | Villager (Male) |
| 21:49 | Crear | Villager (Male) |
| 21:49 | Crear | Villager (Male) |
| 21:49 | Crear | Villager (Male) |
| 21:51 | Construir | Farm |
| 21:52 | Crear | Villager (Male) |
| 21:52 | Crear | Villager (Male) |
| 22:06 | Construir | Farm |
| 22:06 | Construir | Farm |
| 22:07 | Construir | Farm |
| 22:07 | Construir | Farm |
| 22:07 | Construir | Farm |
| 22:07 | Construir | Farm |
| 22:09 | Crear | Villager (Male) |
| 22:10 | Crear | Villager (Male) |
| 22:25 | Crear | Villager (Male) |
| 22:25 | Crear | Villager (Male) |
| 22:25 | Crear | Villager (Male) |
| 22:27 | Construir | Farm |
| 22:28 | Construir | Farm |
| 22:28 | Construir | Farm |
| 22:28 | Construir | Farm |
| 22:28 | Construir | Farm |
| 22:58 | Crear | Villager (Male) |
| 22:58 | Crear | Villager (Male) |
| 22:59 | Crear | Villager (Male) |
| 23:01 | Construir | Farm |
| 23:17 | Crear | Villager (Male) |
| 23:17 | Crear | Villager (Male) |
| 23:17 | Crear | Villager (Male) |
| 23:46 | Construir | Watch Tower |
| 23:48 | Construir | Watch Tower |
| 23:54 | Construir | Market |
| 23:56 | Investigar | Town Watch |
| 23:58 | Crear | Villager (Male) |
| 24:13 | Crear | Villager (Male) |
| 24:31 | Crear | Villager (Male) |
| 24:41 | Construir | Settlement |
| 25:02 | Crear | Villager (Male) |
Build order — DIV_Luminos
Primeras 150 de 255 acciones detectadas
| 0:02 | Construir | House |
| 0:03 | Crear | Villager (Male) |
| 0:03 | Crear | Villager (Male) |
| 0:03 | Crear | Villager (Male) |
| 0:16 | Crear | Villager (Male) |
| 0:19 | Construir | House |
| 1:22 | Construir | Lumber Camp |
| 1:35 | Crear | Villager (Male) |
| 1:36 | Crear | Villager (Male) |
| 2:10 | Crear | Villager (Male) |
| 2:10 | Crear | Villager (Male) |
| 2:54 | Crear | Villager (Male) |
| 2:54 | Crear | Villager (Male) |
| 3:03 | Crear | Villager (Male) |
| 3:03 | Crear | Villager (Male) |
| 3:43 | Crear | Villager (Male) |
| 3:43 | Crear | Villager (Male) |
| 3:51 | Crear | Villager (Male) |
| 3:51 | Crear | Villager (Male) |
| 3:53 | Construir | House |
| 4:27 | Crear | Villager (Male) |
| 4:28 | Crear | Villager (Male) |
| 5:13 | Crear | Villager (Male) |
| 5:13 | Crear | Villager (Male) |
| 5:27 | Construir | House |
| 5:56 | Crear | Villager (Male) |
| 5:57 | Crear | Villager (Male) |
| 5:57 | Crear | Villager (Male) |
| 6:18 | Crear | Villager (Male) |
| 6:58 | Crear | Villager (Male) |
| 6:58 | Crear | Villager (Male) |
| 7:16 | Investigar | Loom |
| 7:36 | Construir | Palisade Wall |
| 7:39 | Crear | Villager (Male) |
| 7:39 | Crear | Villager (Male) |
| 8:02 | Construir | Mill |
| 8:26 | Crear | Villager (Male) |
| 8:48 | Construir | House |
| 8:50 | Crear | Villager (Male) |
| 8:50 | Crear | Villager (Male) |
| 8:56 | Construir | Mill |
| 9:43 | Investigar | Feudal Age |
| 9:59 | Construir | Mining Camp |
| 10:24 | Construir | Palisade Wall |
| 12:18 | Edad | Edad Feudal |
| 12:19 | Construir | Blacksmith |
| 12:21 | Crear | Villager (Male) |
| 12:21 | Crear | Villager (Male) |
| 12:31 | Construir | Market |
| 13:56 | Investigar | Castle Age |
| 13:56 | Investigar | Castle Age |
| 14:06 | Construir | Barracks |
| 14:42 | Investigar | Double-Bit Axe |
| 15:10 | Investigar | Horse Collar |
| 15:13 | Construir | Farm |
| 15:13 | Construir | Farm |
| 15:13 | Construir | Farm |
| 15:14 | Construir | Farm |
| 15:14 | Construir | Farm |
| 15:14 | Construir | Farm |
| 15:34 | Construir | House |
| 15:44 | Construir | Farm |
| 15:47 | Crear | Villager (Male) |
| 15:48 | Crear | Villager (Male) |
| 15:48 | Crear | Villager (Male) |
| 16:36 | Edad | Edad de los Castillos |
| 16:37 | Construir | Stable |
| 16:44 | Investigar | Bow Saw |
| 16:46 | Investigar | Heavy Plow |
| 16:55 | Construir | Farm |
| 17:25 | Construir | Farm |
| 17:29 | Construir | Farm |
| 17:31 | Crear | Knight |
| 17:31 | Crear | Knight |
| 17:32 | Crear | Knight |
| 17:41 | Construir | Farm |
| 17:46 | Construir | Farm |
| 17:59 | Crear | Knight |
| 18:06 | Construir | Farm |
| 18:10 | Construir | House |
| 18:19 | Crear | Villager (Male) |
| 18:20 | Crear | Villager (Male) |
| 18:27 | Construir | Farm |
| 18:49 | Crear | Villager (Male) |
| 18:49 | Crear | Villager (Male) |
| 19:05 | Construir | Town Center |
| 19:07 | Crear | Villager (Male) |
| 19:07 | Crear | Villager (Male) |
| 19:19 | Crear | Villager (Male) |
| 19:20 | Crear | Villager (Male) |
| 19:26 | Construir | House |
| 19:51 | Crear | Villager (Male) |
| 19:51 | Crear | Villager (Male) |
| 20:05 | Crear | Villager (Male) |
| 20:06 | Crear | Villager (Male) |
| 20:06 | Crear | Villager (Male) |
| 20:06 | Crear | Villager (Male) |
| 20:26 | Crear | Villager (Male) |
| 20:26 | Crear | Villager (Male) |
| 20:46 | Crear | Knight |
| 20:46 | Crear | Knight |
| 20:49 | Construir | Stable |
| 20:50 | Crear | Villager (Male) |
| 20:51 | Crear | Villager (Male) |
| 20:54 | Construir | Farm |
| 20:55 | Construir | Farm |
| 20:55 | Construir | Farm |
| 20:55 | Construir | Farm |
| 20:55 | Construir | Farm |
| 21:15 | Crear | Knight |
| 21:15 | Crear | Knight |
| 21:20 | Crear | Knight |
| 21:20 | Crear | Knight |
| 21:23 | Construir | Farm |
| 21:24 | Construir | Farm |
| 21:26 | Construir | Farm |
| 21:51 | Crear | Knight |
| 21:52 | Crear | Knight |
| 21:52 | Crear | Knight |
| 22:03 | Construir | House |
| 22:12 | Construir | Farm |
| 22:12 | Construir | Farm |
| 22:12 | Construir | Farm |
| 22:13 | Construir | Farm |
| 22:17 | Investigar | Scale Barding Armor |
| 22:36 | Crear | Villager (Male) |
| 22:36 | Crear | Villager (Male) |
| 22:40 | Construir | Farm |
| 22:42 | Construir | Farm |
| 22:43 | Crear | Villager (Male) |
| 22:44 | Crear | Villager (Male) |
| 23:00 | Crear | Villager (Male) |
| 23:00 | Crear | Villager (Male) |
| 23:08 | Crear | Knight |
| 23:09 | Crear | Knight |
| 23:18 | Crear | Villager (Male) |
| 23:18 | Crear | Villager (Male) |
| 23:38 | Crear | Knight |
| 23:39 | Crear | Knight |
| 23:39 | Crear | Knight |
| 23:43 | Construir | House |
| 24:02 | Crear | Knight |
| 24:02 | Crear | Knight |
| 24:10 | Crear | Knight |
| 24:10 | Crear | Knight |
| 24:10 | Crear | Knight |
| 24:33 | Crear | Villager (Male) |
| 24:33 | Crear | Villager (Male) |
| 24:35 | Construir | Mill |
| 24:36 | Construir | Farm |
Build order — [LFH] TheGooseTransporter
147 acciones detectadas en el replay
| 0:01 | Crear | Villager (Male) |
| 0:02 | Construir | House |
| 0:03 | Construir | House |
| 0:15 | Investigar | Loom |
| 0:16 | Crear | Villager (Male) ×3 |
| 1:21 | Construir | Palisade Wall |
| 1:22 | Construir | Palisade Wall |
| 1:50 | Construir | Palisade Wall |
| 2:48 | Construir | Palisade Gate |
| 3:02 | Construir | Palisade Wall |
| 3:19 | Construir | Lumber Camp |
| 3:24 | Crear | Villager (Male) |
| 4:28 | Crear | Villager (Male) |
| 5:16 | Crear | Villager (Male) |
| 5:56 | Crear | Villager (Male) |
| 5:56 | Crear | Villager (Male) |
| 6:44 | Crear | Villager (Male) |
| 6:44 | Crear | Villager (Male) |
| 7:14 | Construir | House |
| 7:18 | Crear | Villager (Male) |
| 7:18 | Crear | Villager (Male) |
| 7:39 | Crear | Villager (Male) |
| 7:39 | Crear | Villager (Male) |
| 8:36 | Crear | Villager (Male) |
| 8:36 | Crear | Villager (Male) |
| 9:20 | Crear | Villager (Male) |
| 9:26 | Construir | Mill |
| 9:40 | Crear | Villager (Male) |
| 10:13 | Construir | Palisade Wall |
| 10:16 | Construir | Palisade Wall |
| 10:45 | Crear | Villager (Male) |
| 10:53 | Construir | Palisade Wall |
| 10:56 | Crear | Villager (Male) |
| 11:33 | Construir | Palisade Wall |
| 11:41 | Construir | Palisade Wall |
| 11:44 | Construir | Palisade Wall |
| 11:49 | Investigar | Feudal Age |
| 11:58 | Construir | Lumber Camp |
| 12:24 | Construir | Palisade Wall |
| 12:31 | Construir | Palisade Wall |
| 12:53 | Construir | Palisade Gate |
| 13:06 | Crear | Villager (Male) |
| 13:59 | Edad | Edad Feudal |
| 14:04 | Construir | House |
| 14:07 | Construir | House |
| 14:31 | Construir | Palisade Wall |
| 14:49 | Construir | Gate |
| 14:55 | Construir | Stone Wall |
| 15:01 | Construir | Stone Wall |
| 15:29 | Crear | Villager (Male) |
| 15:30 | Crear | Villager (Male) |
| 15:33 | Construir | Mining Camp |
| 15:50 | Construir | Market |
| 16:40 | Construir | Gate |
| 16:41 | Construir | Stone Wall |
| 17:01 | Construir | Blacksmith |
| 17:11 | Construir | Gate |
| 18:11 | Investigar | Castle Age |
| 18:17 | Construir | Farm |
| 18:18 | Construir | Farm |
| 18:19 | Construir | Farm |
| 18:35 | Construir | Farm |
| 18:54 | Construir | Gate |
| 18:58 | Construir | Stone Wall |
| 19:09 | Construir | Farm |
| 19:41 | Construir | House |
| 19:45 | Construir | House |
| 19:52 | Investigar | Double-Bit Axe |
| 20:24 | Construir | Palisade Wall |
| 20:25 | Construir | Palisade Wall |
| 20:31 | Construir | Palisade Wall |
| 20:34 | Construir | Palisade Wall |
| 20:40 | Construir | Palisade Wall |
| 20:50 | Construir | Palisade Gate |
| 20:51 | Edad | Edad de los Castillos |
| 20:52 | Construir | Palisade Gate |
| 21:09 | Construir | Monastery |
| 21:10 | Crear | Villager (Male) |
| 21:28 | Crear | Villager (Male) |
| 21:46 | Crear | Monk |
| 21:52 | Construir | Siege Workshop |
| 22:03 | Crear | Villager (Male) |
| 22:19 | Construir | Farm |
| 22:22 | Construir | Farm |
| 22:28 | Crear | Monk |
| 22:29 | Crear | Villager (Male) |
| 22:32 | Crear | Armored Elephant |
| 22:57 | Crear | Villager (Male) |
| 23:04 | Construir | Monastery |
| 23:10 | Crear | Villager (Male) |
| 23:25 | Investigar | Sanctity |
| 24:06 | Crear | Armored Elephant |
| 24:11 | Crear | Villager (Male) |
| 24:27 | Construir | House |
| 24:28 | Construir | House |
| 24:30 | Construir | Farm |
| 24:31 | Construir | Farm |
| 24:32 | Construir | Farm |
| 24:40 | Crear | Armored Elephant |
| 24:47 | Crear | Villager (Male) |
| 24:48 | Crear | Villager (Male) |
| 24:50 | Construir | House |
| 24:52 | Construir | Mining Camp |
| 25:19 | Crear | Monk |
| 25:21 | Crear | Villager (Male) |
| 25:58 | Crear | Monk |
| 25:59 | Crear | Villager (Male) |
| 26:13 | Crear | Villager (Male) |
| 26:23 | Crear | Armored Elephant |
| 27:22 | Crear | Monk |
| 27:22 | Crear | Monk |
| 27:29 | Crear | Villager (Male) |
| 28:03 | Construir | Gate |
| 28:06 | Construir | Stone Wall |
| 28:10 | Crear | Monk |
| 28:10 | Crear | Monk |
| 28:11 | Crear | Villager (Male) |
| 28:30 | Crear | Armored Elephant |
| 28:31 | Crear | Villager (Male) |
| 29:19 | Crear | Villager (Male) |
| 29:20 | Crear | Villager (Male) |
| 29:25 | Construir | Mining Camp |
| 29:31 | Investigar | Fervor |
| 29:31 | Crear | Monk |
| 29:33 | Crear | Armored Elephant |
| 29:35 | Crear | Villager (Male) |
| 29:38 | Construir | House |
| 29:39 | Construir | House |
| 29:40 | Construir | House |
| 29:40 | Construir | House |
| 30:01 | Crear | Monk |
| 30:02 | Crear | Villager (Male) |
| 30:09 | Construir | Farm |
| 30:12 | Construir | Farm |
| 30:16 | Construir | Lumber Camp |
| 30:45 | Crear | Monk |
| 30:46 | Crear | Villager (Male) |
| 30:48 | Crear | Monk |
| 31:01 | Crear | Villager (Male) |
| 31:02 | Crear | Armored Elephant |
| 31:32 | Construir | Stone Wall |
| 31:51 | Construir | Stone Wall |
| 32:01 | Construir | Stone Wall |
| 32:27 | Crear | Villager (Male) |
| 32:27 | Crear | Villager (Male) |
| 32:32 | Construir | Stone Wall |
| 32:52 | Construir | House |
Build order — Fliewa
Primeras 150 de 179 acciones detectadas
| 0:01 | Crear | Villager (Male) |
| 0:01 | Crear | Villager (Male) |
| 0:02 | Construir | House |
| 0:03 | Construir | House |
| 0:32 | Investigar | Loom |
| 0:33 | Investigar | Loom |
| 0:38 | Crear | Villager (Male) |
| 0:55 | Crear | Villager (Male) |
| 1:30 | Crear | Villager (Male) |
| 1:39 | Construir | Palisade Wall |
| 2:12 | Construir | Palisade Wall |
| 2:56 | Crear | Villager (Male) |
| 3:43 | Crear | Villager (Male) |
| 3:44 | Crear | Villager (Male) |
| 3:56 | Construir | Palisade Wall |
| 4:17 | Crear | Villager (Male) |
| 4:58 | Crear | Villager (Male) |
| 5:09 | Construir | Lumber Camp |
| 5:33 | Crear | Villager (Male) |
| 5:34 | Crear | Villager (Male) |
| 6:07 | Crear | Villager (Male) |
| 6:07 | Crear | Villager (Male) |
| 6:34 | Crear | Villager (Male) |
| 6:34 | Crear | Villager (Male) |
| 6:40 | Construir | House |
| 6:42 | Construir | House |
| 6:57 | Crear | Villager (Male) |
| 6:58 | Crear | Villager (Male) |
| 7:11 | Crear | Villager (Male) |
| 7:11 | Crear | Villager (Male) |
| 7:42 | Crear | Villager (Male) |
| 8:06 | Crear | Villager (Male) |
| 8:06 | Crear | Villager (Male) |
| 8:22 | Crear | Villager (Male) |
| 8:41 | Construir | Mill |
| 8:56 | Crear | Villager (Male) |
| 8:56 | Crear | Villager (Male) |
| 9:16 | Crear | Villager (Male) |
| 9:43 | Crear | Villager (Male) |
| 10:15 | Crear | Villager (Male) |
| 10:37 | Crear | Villager (Male) |
| 10:38 | Crear | Villager (Male) |
| 10:47 | Crear | Villager (Male) |
| 10:49 | Construir | Mill |
| 10:59 | Construir | House |
| 11:02 | Construir | House |
| 11:06 | Construir | Outpost |
| 11:34 | Construir | Mining Camp |
| 11:44 | Investigar | Feudal Age |
| 11:44 | Investigar | Feudal Age |
| 13:45 | Crear | Villager (Male) |
| 14:09 | Edad | Edad Feudal |
| 14:13 | Construir | Market |
| 14:15 | Construir | Blacksmith |
| 14:27 | Crear | Villager (Male) |
| 14:33 | Construir | Mining Camp |
| 14:43 | Investigar | Double-Bit Axe |
| 15:07 | Investigar | Castle Age |
| 15:08 | Investigar | Castle Age |
| 15:36 | Investigar | Horse Collar |
| 15:39 | Construir | Farm |
| 15:41 | Construir | Farm |
| 15:43 | Construir | Farm |
| 15:57 | Construir | Farm |
| 16:01 | Construir | Farm |
| 16:42 | Investigar | Stone Mining |
| 17:11 | Investigar | Town Watch |
| 17:11 | Investigar | Town Watch |
| 17:32 | Crear | Villager (Male) |
| 17:47 | Edad | Edad de los Castillos |
| 17:56 | Investigar | Bow Saw |
| 18:12 | Construir | Stone Wall |
| 18:26 | Construir | Stone Wall |
| 18:28 | Crear | Villager (Male) |
| 18:34 | Construir | Farm |
| 18:36 | Construir | Farm |
| 18:40 | Crear | Villager (Male) |
| 19:00 | Crear | Villager (Male) |
| 19:04 | Construir | Farm |
| 19:09 | Construir | Farm |
| 19:13 | Construir | Farm |
| 19:14 | Crear | Villager (Male) |
| 19:25 | Construir | Castle |
| 19:42 | Investigar | Gold Mining |
| 19:46 | Construir | Farm |
| 19:52 | Construir | Farm |
| 19:54 | Construir | Farm |
| 19:56 | Crear | Villager (Male) |
| 20:16 | Investigar | Heavy Plow |
| 20:16 | Investigar | Heavy Plow |
| 20:25 | Crear | Villager (Male) |
| 20:46 | Crear | Villager (Male) |
| 20:52 | Construir | House |
| 20:56 | Construir | House |
| 21:13 | Construir | Lumber Camp |
| 21:23 | Investigar | Wheelbarrow |
| 21:42 | Construir | University |
| 21:54 | Crear | Villager (Male) |
| 22:03 | Construir | Stone Wall |
| 22:18 | Construir | Lumber Camp |
| 22:30 | Investigar | Masonry |
| 22:31 | Investigar | Masonry |
| 22:49 | Crear | Villager (Male) |
| 23:10 | Construir | House |
| 23:18 | Crear | Villager (Male) |
| 23:22 | Construir | House |
| 23:48 | Investigar | Fortified Wall (upgrade) |
| 23:48 | Investigar | Fortified Wall (upgrade) |
| 23:59 | Construir | Stone Wall |
| 24:15 | Construir | Stone Wall |
| 24:18 | Crear | Villager (Male) |
| 24:20 | Construir | House |
| 24:21 | Construir | House |
| 24:24 | Crear | Villager (Male) |
| 24:25 | Crear | Villager (Male) |
| 24:36 | Crear | Villager (Male) |
| 24:38 | Construir | Farm |
| 24:57 | Crear | Villager (Male) |
| 25:00 | Construir | Mill |
| 25:01 | Construir | Farm |
| 25:02 | Construir | Farm |
| 25:02 | Construir | Farm |
| 25:02 | Construir | Farm |
| 25:02 | Construir | Farm |
| 25:14 | Crear | Villager (Male) |
| 25:25 | Crear | Villager (Male) |
| 25:36 | Construir | Barracks |
| 27:11 | Construir | Town Center |
| 27:16 | Construir | Stone Wall |
| 27:30 | Investigar | Hand Cart |
| 27:47 | Construir | Stone Wall |
| 28:29 | Construir | Mining Camp |
| 28:43 | Investigar | Hand Cart |
| 28:43 | Investigar | Hand Cart |
| 28:43 | Crear | Villager (Male) |
| 28:44 | Crear | Villager (Male) |
| 28:51 | Construir | Farm |
| 28:52 | Construir | Farm |
| 29:13 | Construir | Lumber Camp |
| 29:18 | Construir | Farm |
| 29:23 | Construir | Farm |
| 29:35 | Construir | Farm |
| 29:36 | Construir | Farm |
| 29:41 | Construir | Farm |
| 30:03 | Crear | Villager (Male) |
| 30:04 | Crear | Villager (Male) |
| 30:04 | Crear | Villager (Male) |
| 30:12 | Construir | Farm |
| 30:19 | Construir | Town Center |
| 30:41 | Construir | Farm |
Cronología de la partida
| 0:42 | Çıkmaz Sokak · wall_segment Palisade Wall x7 |
| 0:49 | gardensalad · wall_segment Palisade Wall x1 |
| 1:21 | [LFH] TheGooseTransporter · wall_segment Palisade Wall x4 |
| 1:22 | Çıkmaz Sokak · wall_segment Palisade Wall x1 |
| 1:22 | [LFH] TheGooseTransporter · wall_segment Palisade Wall x6 |
| 1:39 | Fliewa · wall_segment Palisade Wall x15 |
| 1:50 | [LFH] TheGooseTransporter · wall_segment Palisade Wall x1 |
| 1:54 | Çıkmaz Sokak · wall_segment Palisade Wall x1 |
| 1:55 | Çıkmaz Sokak · wall_segment Palisade Wall x3 |
| 2:12 | Fliewa · wall_segment Palisade Wall x1 |
| 2:51 | Çıkmaz Sokak · wall_segment Palisade Wall x1 |
| 2:52 | Çıkmaz Sokak · wall_segment Palisade Wall x1 |
| 3:02 | [LFH] TheGooseTransporter · wall_segment Palisade Wall x4 |
| 3:46 | Çıkmaz Sokak · wall_segment Palisade Wall x12 |
| 3:47 | Çıkmaz Sokak · wall_segment Palisade Wall x9 |
| 3:48 | Çıkmaz Sokak · wall_segment Palisade Wall x1 |
| 3:50 | gardensalad · wall_segment Palisade Wall x1 |
| 3:51 | gardensalad · wall_segment Palisade Wall x1 |
| 3:56 | Fliewa · wall_segment Palisade Wall x10 |
| 5:13 | BF_XIN · wall_segment Palisade Wall x1 |
| 5:19 | BF_XIN · wall_segment Palisade Wall x1 |
| 7:36 | DIV_Luminos · wall_segment Palisade Wall x10 |
| 9:02 | BF_XIN · first_building Barracks |
| 9:56 | BF_XIN · age_up feudal |
| 9:59 | gardensalad · age_up feudal |
| 10:02 | BF_XIN · first_building Stable |
| 10:13 | [LFH] TheGooseTransporter · wall_segment Palisade Wall x1 |
| 10:16 | [LFH] TheGooseTransporter · wall_segment Palisade Wall x5 |
| 10:24 | DIV_Luminos · wall_segment Palisade Wall x17 |
| 10:53 | [LFH] TheGooseTransporter · wall_segment Palisade Wall x13 |
| 11:19 | Brickman · age_up feudal |
| 11:25 | Eru_iluvatar · age_up feudal |
| 11:33 | [LFH] TheGooseTransporter · wall_segment Palisade Wall x3 |
| 11:41 | [LFH] TheGooseTransporter · wall_segment Palisade Wall x3 |
| 11:44 | [LFH] TheGooseTransporter · wall_segment Palisade Wall x5 |
| 11:55 | Çıkmaz Sokak · age_up feudal |
| 12:18 | DIV_Luminos · age_up feudal |
| 12:24 | [LFH] TheGooseTransporter · wall_segment Palisade Wall x3 |
| 12:31 | [LFH] TheGooseTransporter · wall_segment Palisade Wall x4 |
| 12:44 | Brickman · first_building Barracks |
| 12:52 | gardensalad · wall_segment Palisade Wall x1 |
| 13:27 | Brickman · wall_segment Palisade Wall x1 |
| 13:59 | [LFH] TheGooseTransporter · age_up feudal |
| 14:06 | DIV_Luminos · first_building Barracks |
| 14:09 | Fliewa · age_up feudal |
| 14:20 | Eru_iluvatar · age_up castle |
| 14:31 | [LFH] TheGooseTransporter · wall_segment Palisade Wall x1 |
| 14:39 | Çıkmaz Sokak · first_market_sell 100 stone |
| 14:40 | gardensalad · wall_segment Stone Wall x13 |
| 14:55 | [LFH] TheGooseTransporter · wall_segment Stone Wall x3 |
| 15:01 | [LFH] TheGooseTransporter · wall_segment Stone Wall x3 |
| 16:16 | Çıkmaz Sokak · age_up castle |
| 16:19 | Brickman · age_up castle |
| 16:26 | Çıkmaz Sokak · first_building Monastery |
| 16:36 | DIV_Luminos · age_up castle |
| 16:37 | DIV_Luminos · first_building Stable |
| 16:38 | Çıkmaz Sokak · first_building Siege Workshop |
| 16:41 | [LFH] TheGooseTransporter · wall_segment Stone Wall x4 |
| 17:23 | Çıkmaz Sokak · first_market_buy 100 food |
| 17:38 | gardensalad · wall_segment Stone Wall x1 |
| 17:47 | Fliewa · age_up castle |
| 18:06 | Brickman · tribute_sent a jugador 1 |
| 18:06 | Brickman · tribute_sent a jugador 2 |
| 18:06 | Brickman · tribute_sent a jugador 3 |
| 18:06 | Brickman · tribute_sent a jugador 4 |
| 18:06 | Brickman · tribute_sent a jugador 6 |
| 18:06 | Brickman · tribute_sent a jugador 7 |
| 18:06 | Brickman · tribute_sent a jugador 8 |
| 18:12 | Fliewa · wall_segment Stone Wall x12 |
| 18:26 | Fliewa · wall_segment Stone Wall x9 |
| 18:29 | Eru_iluvatar · first_building Monastery |
| 18:58 | [LFH] TheGooseTransporter · wall_segment Stone Wall x2 |
| 19:20 | Brickman · first_market_buy 100 food |
| 19:25 | Fliewa · first_building Castle |
| 19:52 | Çıkmaz Sokak · first_building Barracks |
| 20:24 | [LFH] TheGooseTransporter · wall_segment Palisade Wall x1 |
| 20:25 | [LFH] TheGooseTransporter · wall_segment Palisade Wall x1 |
| 20:31 | [LFH] TheGooseTransporter · wall_segment Palisade Wall x3 |
| 20:34 | [LFH] TheGooseTransporter · wall_segment Palisade Wall x1 |
| 20:40 | [LFH] TheGooseTransporter · wall_segment Palisade Wall x2 |
| 20:51 | [LFH] TheGooseTransporter · age_up castle |
| 20:51 | Çıkmaz Sokak · first_building Archery Range |
| 21:09 | [LFH] TheGooseTransporter · first_building Monastery |
| 21:21 | Çıkmaz Sokak · age_up imperial |
| 21:44 | Eru_iluvatar · first_building Stable |
| 21:52 | [LFH] TheGooseTransporter · first_building Siege Workshop |
| 22:03 | Fliewa · wall_segment Stone Wall x14 |
| 22:06 | [LFH] TheGooseTransporter · first_market_buy 100 food |
| 22:28 | Fliewa · first_market_sell 100 food |
| 22:29 | Fliewa · first_market_buy 100 wood |
| 23:59 | Fliewa · wall_segment Stone Wall x19 |
| 24:08 | DIV_Luminos · first_market_sell 100 wood |
| 24:15 | Fliewa · wall_segment Stone Wall x1 |
| 24:54 | Eru_iluvatar · first_building Siege Workshop |
| 25:36 | Fliewa · first_building Barracks |
| 26:24 | gardensalad · first_market_sell 100 food |
| 27:16 | Fliewa · wall_segment Stone Wall x10 |
| 27:17 | Eru_iluvatar · wall_segment Stone Wall x7 |
| 27:25 | gardensalad · first_building Barracks |
| 27:45 | gardensalad · wall_segment Stone Wall x9 |
| 27:47 | Fliewa · wall_segment Stone Wall x13 |
| 28:06 | [LFH] TheGooseTransporter · wall_segment Stone Wall x4 |
| 28:17 | gardensalad · wall_segment Palisade Wall x1 |
| 28:19 | gardensalad · wall_segment Palisade Wall x1 |
| 28:20 | gardensalad · wall_segment Palisade Wall x1 |
| 28:42 | gardensalad · wall_segment Palisade Wall x1 |
| 28:54 | Eru_iluvatar · first_building Castle |
| 29:02 | gardensalad · wall_segment Palisade Wall x1 |
| 29:03 | gardensalad · wall_segment Palisade Wall x1 |
| 29:12 | gardensalad · age_up castle |
| 29:24 | Eru_iluvatar · age_up imperial |
| 29:29 | Brickman · first_building Monastery |
| 30:36 | BF_XIN · first_market_sell 100 food |
| 31:32 | [LFH] TheGooseTransporter · wall_segment Stone Wall x13 |
| 31:51 | [LFH] TheGooseTransporter · wall_segment Stone Wall x10 |
| 32:00 | BF_XIN · first_market_buy 100 stone |
| 32:01 | [LFH] TheGooseTransporter · wall_segment Stone Wall x7 |
| 32:11 | Eru_iluvatar · first_market_sell 500 wood |
| 32:32 | [LFH] TheGooseTransporter · wall_segment Stone Wall x5 |
| 33:18 | DIV_Luminos · resign |
[ ANÁLISIS IA · 1 CRÉDITO ]
¿Qué pasó realmente en esta partida?
Wolo.gg analiza cada decisión: build order, eco, micro, errores típicos por bracket. Análisis personalizado por WhatsApp o Discord en 30 segundos.
Guía civ
Bohemios
Perfil
Jugador #686401